Map: New Repugnancy LE

Players

Kas

  • Race: Terran Terran
  • League: Platinum
  • Spawn Location: 7:00

Harstem - Winner!

  • Race: Protoss Protoss
  • Spawn Location: 1:00

Event: 2019 WCS Summer

VOD

Have the link to the VOD?

Description

Time

  • Played on: July 12, 2019, 11:32 a.m.
  • Length: 10:19

All games in this series

Show
View Real Time Build Order
Export as new Build Order

Kas Terran 

Build Orders: Liberator Opening 

Get SALT Encoding   

  12  0:00  SCV  
  13  0:13  SCV  
  14  0:17  Supply Depot  
  14  0:25  SCV  
  14  0:28  Refinery  
  15  0:39  SCV  
  16  0:44  Barracks  
  16  0:51  SCV  
  17  1:03  SCV  
  18  1:15  SCV  
  20  1:32  Reaper  
  20  1:33  Orbital Command  
  20  1:45  Command Center  
  20  1:57  Factory  
  20  2:01  SCV  
  21  2:05  Barracks Reactor  
  21  2:13  SCV  
  22  2:19  Supply Depot  
  22  2:25  SCV  
  22  2:27  Refinery  
  23  2:41  SCV  
  24  2:47  Starport  
  24  2:51  Hellion x2  
  28  2:54  SCV  
  28  3:11  Orbital Command  
  28  3:12  Hellion x2  
  32  3:15  SCV  
  32  3:19  Barracks Tech Lab  
  33  3:23  Medivac  
  35  3:29  SCV  
  36  3:36  SCV  
  36  3:40  Factory Tech Lab  
  36  3:41  Liberator, SCV  
  38  3:44  Barracks  
  38  3:48  SCV  
  38  3:50  Marine x2  
  38  3:53  SCV  
  42  4:00  SCV  
  46  4:16  Supply Depot  
  46  4:17  Supply Depot  
  46  4:19  Siege Tank, Marine x2, SCV  
  52  4:25  SCV  
  53  4:36  Marine, SCV  
  53  4:37  Marine x2  
  56  4:41  Supply Depot  
  56  4:52  Siege Tank  
  55  4:54  SCV  
  55  4:57  SCV  
  55  4:58  Marine x2  
  55  4:59  Marine  
  56  5:05  Engineering Bay  
  56  5:06  SCV  
  57  5:09  Barracks  
  57  5:12  SCV  
  58  5:16  Marine x2  
  58  5:18  Refinery, SCV  
  58  5:19  Marine  
  62  5:25  SCV  
  63  5:29  Siege Tank  
  63  5:33  Marine, SCV, Terran Infantry Weapons Level 1  
  63  5:34  Marine  
  69  5:37  SCV  
  69  5:39  Marauder  
  66  5:58  SCV  
  66  6:00  SCV  
  66  6:02  Barracks Tech Lab  
  66  6:03  Command Center  
  64  6:06  Marine x2  
  64  6:10  SCV  
  67  6:12  SCV  
  67  6:17  Factory Reactor  
  68  6:20  Starport Reactor  
  68  6:21  Refinery  
  68  6:22  Marauder, SCV  
  68  6:23  Stimpack  
  68  6:24  SCV  
  72  6:28  Barracks, Marine  
  72  6:29  Combat Shield, Marine  
  72  6:30  Barracks  
  72  6:31  Marauder  
  76  6:34  SCV  
  76  6:36  SCV  
  78  6:40  Supply Depot  
  78  6:42  Supply Depot  
  78  6:51  Marauder, SCV  
  78  6:53  SCV  
  81  6:56  Marauder  
  81  6:58  Marine x2, Widow Mine x2  
  86  7:04  SCV, Supply Depot  
  86  7:05  Supply Depot  
  86  7:06  SCV  
  88  7:13  Marauder  
  88  7:14  Medivac  
  92  7:16  SCV  
  92  7:17  Marauder, Medivac  
  97  7:23  Widow Mine x2  
  97  7:24  Barracks Tech Lab  
  97  7:26  Barracks Reactor  
  97  7:28  Marine x2  
  103  7:32  Orbital Command  
  103  7:34  Marauder  
  105  7:42  Marauder  
  105  7:43  SCV  
  108  7:44  SCV  
  108  7:47  Medivac, Terran Infantry Armor Level 1  
  108  7:48  Concussive Shells  
  111  7:53  Marine x2  
  111  7:56  Marauder  
  115  8:02  Marauder, Orbital Command, Marine x2  
  115  8:03  Marauder  
  121  8:11  Marine x2  
  123  8:12  Supply Depot  
  123  8:17  Marauder  
  123  8:19  Marine  
  124  8:22  Marine  
  124  8:23  Marauder  
  124  8:25  Marauder  
  124  8:26  Supply Depot  
  127  8:29  SCV  
  127  8:33  SCV  
  129  8:35  Supply Depot  
  129  8:36  SCV, Supply Depot  
  129  8:37  Supply Depot  
  129  8:38  Marauder  
  132  8:45  Marauder  
  132  8:46  Marauder  
  133  8:55  Marine  
  125  9:00  Marauder  
  122  9:03  Medivac  
  122  9:04  Widow Mine, Medivac  
  122  9:05  Marine  
  122  9:06  Marauder  
  122  9:07  Marauder  
  133  9:10  Marine x2  
  135  9:21  Marauder  
  107  9:34  Widow Mine x2  
  107  9:37  Marauder x2, Marine x4  
  106  9:45  Ghost Academy  
  100  9:47  SCV x2  
  100  9:49  Marauder  
  102  9:54  SCV  
  102  9:55  Marine x3  
  102  9:58  Marine  
  102  9:59  SCV x2  
  112  10:06  SCV  
Show
View Real Time Build Order
Export as new Build Order

Harstem Protoss - Winner!

Build Orders: 1 Gate Expand, Blink Stalkers 

Get SALT Encoding   

  12  0:00  Probe  
  13  0:12  Probe  
  14  0:17  Pylon  
  14  0:25  Probe  
  15  0:33  Probe  
  15  0:35  Gateway  
  15  0:41  Probe  
  16  0:47  Assimilator  
  17  0:51  Probe  
  18  1:03  Probe  
  19  1:15  Probe  
  20  1:22  Cybernetics Core  
  20  1:32  Nexus  
  20  1:39  Pylon  
  20  1:41  Probe  
  21  1:48  Assimilator, Adept  
  21  1:53  Probe  
  24  2:05  Probe  
  25  2:09  Sentry  
  25  2:18  Probe  
  27  2:23  Warp Gate  
  27  2:30  Probe  
  30  2:42  Probe, Twilight Council  
  29  2:52  Probe  
  29  2:54  Probe, Gateway  
  29  2:55  Stalker  
  33  2:59  Blink  
  33  3:03  Probe  
  34  3:07  Probe  
  34  3:11  Probe  
  35  3:19  Probe x2  
  38  3:31  Probe x2, Pylon  
  40  3:39  Stalker  
  40  3:42  Robotics Facility  
  40  3:43  Probe  
  40  3:44  Pylon  
  43  3:51  Probe, Pylon  
  43  3:55  Probe  
  45  3:59  Pylon  
  45  4:03  Probe  
  45  4:07  Probe  
  45  4:09  Assimilator  
  47  4:14  Stalker, Pylon  
  47  4:15  Probe  
  50  4:19  Probe  
  50  4:24  Stalker  
  50  4:27  Pylon  
  50  4:28  Probe  
  50  4:30  Observer  
  54  4:31  Probe  
  55  4:40  Probe  
  55  4:43  Stalker, Probe  
  57  4:50  Nexus  
  57  4:52  Probe  
  54  4:55  Probe  
  55  5:04  Stalker, Probe  
  55  5:06  Stalker  
  60  5:08  Probe  
  60  5:12  Observer  
  62  5:15  Forge  
  62  5:20  Probe  
  60  5:28  Stalker  
  60  5:29  Stalker  
  60  5:30  Probe  
  60  5:32  Probe  
  66  5:36  Charge  
  66  5:42  Probe  
  67  5:44  Probe  
  68  5:56  Protoss Ground Armor Level 1  
  68  5:59  Probe  
  69  6:04  Probe  
  69  6:07  Gateway x2  
  69  6:08  Probe, Gateway  
  69  6:09  Probe  
  69  6:10  Stalker  
  72  6:16  Probe x2  
  72  6:17  Probe  
  73  6:25  Probe, Gateway  
  75  6:27  Gateway  
  75  6:31  Pylon  
  75  6:32  Probe  
  76  6:37  Probe, Pylon  
  76  6:38  Probe  
  79  6:44  Probe  
  80  6:50  Templar Archives  
  80  6:53  Probe  
  75  6:57  Probe, Zealot  
  75  6:58  Zealot  
  81  7:04  Observer  
  81  7:05  Probe  
  81  7:07  Gateway  
  81  7:09  Pylon  
  81  7:10  Psionic Storm  
  82  7:15  Zealot x3  
  82  7:20  Pylon  
  82  7:22  Zealot x2  
  90  7:24  Pylon  
  90  7:25  Pylon  
  90  7:28  High Templar  
  92  7:30  Pylon  
  92  7:33  Zealot  
  92  7:36  Probe x2  
  96  7:37  Assimilator  
  96  7:39  Shield Battery  
  96  7:44  High Templar  
  96  7:45  Probe  
  96  7:49  Warp Prism  
  96  7:50  Zealot x2  
  105  7:54  Probe  
  106  8:00  Probe  
  106  8:04  Zealot x4, High Templar  
  117  8:12  Assimilator  
  119  8:15  Zealot x2  
  117  8:24  Zealot, High Templar  
  120  8:27  Stalker  
  120  8:28  Stalker  
  121  8:42  Stalker x2  
  121  8:43  Probe  
  121  8:45  Probe  
  121  8:54  Zealot x5  
  129  9:03  Zealot  
  129  9:06  Zealot x2  
  129  9:08  Probe, Immortal  
  129  9:09  Probe  
  141  9:10  Pylon  
  141  9:15  Archon  
  141  9:16  Zealot  
  141  9:23  Probe x2  
  135  9:25  Zealot x3, Pylon  
  135  9:27  Pylon  
  135  9:29  Probe, Assimilator  
  142  9:35  High Templar  
  142  9:36  Zealot x3, High Templar  
  136  9:42  Probe  
  125  9:45  Shield Battery  
  125  9:52  Probe  
  126  9:57  Forge, Zealot x2  
  126  9:58  Zealot x4  
  134  10:00  Pylon  
  132  10:07  Robotics Bay  
Tags
 
Add a new tag
Caveats
  • Supply blocks, unpowered buildings, or Contaminate may cause inaccurate times.
  • Supply counts are checked every 10 seconds.